 Dungeon Crawl Stone Soup version 0.19.5 (webtiles) character file.

364 Zhenya24pyc the Cudgeler (level 6, -3/37 HPs)
             Began as a Gargoyle Fighter on May 3, 2017.
             Slain by an ogre
             ... wielding a +0 giant spiked club
              (14 damage)
             ... on level 4 of the Dungeon.
             The game lasted 00:06:39 (2608 turns).

Zhenya24pyc the Cudgeler (Gargoyle Fighter)         Turns: 2608, Time: 00:06:40

Health: -3/37      AC: 11    Str: 20    XL:     6   Next: 67%
Magic:  6/6        EV:  7    Int:  9    God:
Gold:   135        SH:  9    Dex: 10    Spells: 0 memorised, 5 levels left

rFire  . . .     SeeInvis .     o - +2 mace (venom)
rCold  . . .     Gourm    .     b - +0 scale mail
rNeg   + . .     Faith    .     c - +0 shield
rPois  ∞         Spirit   .     (no helmet)
rElec  +         Reflect  .     (no cloak)
rCorr  .         Harm     .     (no gloves)
MR     .....                    (no boots)
Stlth  +.........               (no amulet)
                                u - ring of stealth
                                g - ring of poison resistance

@: no status effects
A: negative energy resistance 1, electricity resistance, unbreathing,
petrification resistance, rot immunity, AC +4
a: no special abilities


You were on level 4 of the Dungeon.
You were not hungry.

You visited 1 branch of the dungeon, and saw 4 of its levels.

You collected 135 gold pieces.

Inventory:

Hand Weapons
 o - a +2 mace of venom (weapon)
Armour
 b - a +0 scale mail (worn)
 c - a +0 shield (worn)
Jewellery
 g - a ring of poison resistance (left hand)
 u - a ring of stealth (right hand)
Scrolls
 a - a scroll of identify
 e - a scroll of enchant armour {unknown}
 l - a scroll of blinking {unknown}
 p - a scroll of fear {unknown}
 s - 3 scrolls of remove curse
 t - a scroll of fog {unknown}
Potions
 d - a potion of might
 i - a potion of lignification {unknown}
 n - a potion of flight
 x - a potion of curing {unknown}
Comestibles
 f - 3 bread rations
 j - a beef jerky
 r - 3 meat rations
 v - 6 chunks of flesh


   Skills:
 + Level 3.2 Fighting
 * Level 6.8 Maces & Flails
 + Level 3.2 Armour
 + Level 0.2 Dodging
 + Level 3.2 Shields


You had 5 spell levels left.
You didn't know any spells.

Dungeon Overview and Level Annotations

Branches:
Dungeon (4/15)
 Temple: D:4-7

Altars:
Ashenzari
Kikubaaqudgha
Qazlal
Sif Muna


Innate Abilities, Weirdness & Mutations

You are resistant to torment.
Your stone body is resilient. (AC +4)
You are immune to poison.
You resist negative energy. (rN+)
You are resistant to electric shocks. (rElec)
You can survive without breathing.
You are immune to petrification.
You are immune to rotting.


Message History

You are too injured to fight recklessly!
You are too injured to fight recklessly!
You are too injured to fight recklessly!
You are too injured to fight recklessly!
You are too injured to fight recklessly!
You are too injured to fight recklessly!
You are too injured to fight recklessly!
You are too injured to fight recklessly!
You are too injured to fight recklessly!
You are too injured to fight recklessly!
You are too injured to fight recklessly!
You are too injured to fight recklessly!
You are too injured to fight recklessly!
You are too injured to fight recklessly!
You are too injured to fight recklessly!
You are too injured to fight recklessly!
You are too injured to fight recklessly!
There is a stone staircase leading down here.
The ogre hits you with a giant spiked club!
You die...

...##...... ##.#.#.#..#
.#.......#.. #.........#
##....##.#.. #.##.#.#.##
.....[...# #. #.#.#.#
#.....##.# #.##...#.#
.....##.### #.##.#.#.#
##(.... ...
#####......#.#
.......##.##......#.....#
#.......O@##.#.#####
....##.##.#.##.#.# #### .
#. #.#......# ...# ..
#.####.### ##.# ###
#.####.# ##.### #......#
.....# ######## ##.#.#
##.#.#


You could see an ogre.

Vanquished Creatures
  The ghost of miragecloak the Changer, an amateur OpTm (D:3)
  2 vampire bats (D:2)
  Ijyb (D:2)
  2 worker ants (D:4)
  A gnoll (D:1)
  3 adders
  2 oozes
  3 worms
  3 dart slugs
  2 leopard geckos
  4 orcs (D:3)
  5 bats
  A bat skeleton (D:2)
  5 bat zombies (D:2)
  4 giant cockroaches
  2 goblins
  11 hobgoblins
  3 jackals (D:3)
  5 kobolds
  4 quokkas
  2 ball pythons
  2 frilled lizards (D:1)
  4 rats
72 creatures vanquished.

Notes
Turn   | Place    | Note
-------+----------+-------------------------------------------
     0 | D:1      | Zhenya24pyc the Gargoyle Fighter began the quest for the Orb.
     0 | D:1      | Reached XP level 1. HP: 14/14 MP: 1/1
   235 | D:1      | Reached XP level 2. HP: 19/19 MP: 2/2
   455 | D:1      | Reached skill level 3 in Maces & Flails
   603 | D:1      | Reached XP level 3. HP: 15/23 MP: 3/3
  1156 | D:2      | Noticed Ijyb
  1158 | D:2      | Found a shattered altar of Ashenzari.
  1175 | D:2      | Killed Ijyb
  1175 | D:2      | Reached skill level 4 in Maces & Flails
  1175 | D:2      | Reached XP level 4. HP: 25/28 MP: 4/4
  1430 | D:2      | Found an ancient bone altar of Kikubaaqudgha.
  1452 | D:2      | Reached skill level 5 in Maces & Flails
  1452 | D:2      | Reached XP level 5. HP: 24/32 MP: 5/5
  1808 | D:3      | Noticed miragecloak's ghost (amateur OpTm)
  1829 | D:3      | Killed miragecloak's ghost
  1829 | D:3      | Reached skill level 6 in Maces & Flails
  1829 | D:3      | Reached XP level 6. HP: 32/37 MP: 6/6
  2286 | D:3      | Found a deep blue altar of Sif Muna.
  2286 | D:3      | Found a stormy altar of Qazlal.
  2608 | D:4      | Slain by an ogre

Skill      XL: |  1  2  3  4  5 |
---------------+----------------+-----
Maces & Flails | 3 4 5 6 |  6.8
Fighting       | |  3.2
Armour         | |  3.2
Dodging        | |  0.2
Shields        | |  3.2

Action                   |  1- 3 |  4- 6 || total
-------------------------+-------+-------++-------
Melee: Flail             |   116 |    13 ||   129
       Mace              |       |   167 ||   167
  Use: Scroll            |       |     5 ||     5
  Eat: Chunk             |     1 |     5 ||     6
Armor: Scale mail        |    97 |   163 ||   260
Dodge: Dodged            |    41 |    81 ||   122
Block: Shield            |    88 |   125 ||   213
